[Event "Titled Tuesday Blitz October 5 2021"]
[White "Maly, Alexey"]
[Black "Sydoryka, Vladyslav"]
[WhiteFideId "14103184"]
[BlackFideId "14145928"]
[WhiteElo "2294"]
[BlackElo "2282"]
[Result "1-0"]
[Round "04"]
[TimeControl "180+1"]
[Date "2021.10.05"]
[WhiteClock "0:01:05"]
[BlackClock "0:00:01"]

1. d4 Nf6 2. c4 e6 3. Nf3 d5 4. e3 c5 5. dxc5 Bxc5 6. a3 a5 7. Nc3 dxc4 8. Qxd8+ Kxd8 9. Bxc4 Ke7 10. Ke2 Nbd7 11. b3 b6 12. Na4 Bd6 13. Bb2 Bb7 14. Nd4 Ne4 15. Nb5 Nec5 16. Nxd6 Kxd6 17. Rhd1+ Ke7 18. Nxc5 Nxc5 19. Bxg7 Rhg8 20. Be5 Bxg2 21. Bd6+ Kf6 22. Bc7 b5 23. Bxb5 Nxb3 24. Rab1 a4 25. f3 Bh3 26. Bg3 Rgc8 27. Rb2 Ra5 28. Bh4+ Kg7 29. Bd3 Kf8 30. Bf6 Bf5 31. e4 Bg6 32. Rc2 Rxc2+ 33. Bxc2 1-0


[Site "https://www.chess.com"]

[Event "Titled Tuesday Blitz October 5 2021"]
[White "Martinez Reyes, Pedro Ramon"]
[Black "Seo, Jung Min"]
[WhiteFideId "3901807"]
[BlackFideId "1734687"]
[WhiteElo "2410"]
[BlackElo "2486"]
[Result "0-1"]
[Round "04"]
[TimeControl "180+1"]
[Date "2021.10.05"]
[WhiteClock "0:00:15"]
[BlackClock "0:00:10"]

1. e4 e5 2. Nf3 Nc6 3. d4 exd4 4. Nxd4 Nf6 5. Nxc6 bxc6 6. Bd3 d5 7. exd5 cxd5 8. O-O Be7 9. c4 O-O 10. cxd5 Nxd5 11. Nc3 Nxc3 12. bxc3 Be6 13. Qc2 h6 14. Rd1 Qc8 15. Be3 a5 16. Qa4 Bf6 17. Qe4 g6 18. Bxh6 Rd8 19. Qf4 Bh8 20. Bc4 Bxc3 21. Rxd8+ Qxd8 22. Bxe6 Bxa1 23. Qxf7+ Kh8 24. g3 Qf6 25. Qd7 Bd4 26. Bf4 g5 27. Bf5 Qg7 28. Qxg7+ Kxg7 29. Bxc7 Kf6 30. Bd3 a4 31. Kg2 Rc8 32. Ba5 Rc1 33. f4 gxf4 34. gxf4 Rd1 35. Bc4 a3 36. Kf3 Rc1 37. Bb3 Rb1 38. Bc4 Rh1 39. Ke4 Bb2 40. h4 Kg7 41. Bd8 Bf6 42. Bc7 Rxh4 43. Bd6 Bb2 44. Kf5 Rh2 45. Ke6 Rc2 46. Bb3 Re2+ 47. Kd5 Kf6 48. Kc4 Re4+ 49. Kb5 Re3 50. Bc7 Rxb3+ 51. axb3 a2 52. Be5+ Bxe5 53. fxe5+ Kxe5 0-1


[Site "https://www.chess.com"]

[Event "Titled Tuesday Blitz October 5 2021"]
[White "Martinovici, Ilia"]
[Black "Mujumdar, Sameer"]
[WhiteFideId "13907034"]
[BlackFideId "2029707"]
[WhiteElo "2303"]
[BlackElo "2104"]
[Result "1-0"]
[Round "04"]
[TimeControl "180+1"]
[Date "2021.10.05"]
[WhiteClock "0:01:03"]
[BlackClock "0:00:39"]

1. d4 Nf6 2. c4 e6 3. Nc3 Bb4 4. Qc2 b6 5. e4 Bxc3+ 6. bxc3 d6 7. Bd3 e5 8. Ne2 O-O 9. O-O Nc6 10. a3 Na5 11. f4 Nd7 12. Ng3 Ba6 13. Qe2 c5 14. fxe5 cxd4 15. exd6 Ne5 16. Nf5 dxc3 17. Bf4 Nxd3 18. Qxd3 f6 19. Qg3 Qd7 20. Bh6 Rf7 21. e5 Bxc4 22. exf6 Bxf1 23. Rxf1 Rxf6 24. Ne7+ Qxe7 25. dxe7 Rg6 26. Qf3 1-0


[Site "https://www.chess.com"]

[Event "Titled Tuesday Blitz October 5 2021"]
[White "Mekhitarian, Krikor Sevag"]
[Black "Yoo, Christopher Woojin"]
[WhiteFideId "2107660"]
[BlackFideId "30909694"]
[WhiteElo "2598"]
[BlackElo "2105"]
[Result "1/2-1/2"]
[Round "04"]
[TimeControl "180+1"]
[Date "2021.10.05"]
[WhiteClock "0:00:03"]
[BlackClock "0:00:06"]

1. e4 d6 2. d4 Nf6 3. Nc3 g6 4. Be3 Bg7 5. f3 a6 6. Qd2 b5 7. Bh6 Bxh6 8. Qxh6 e5 9. O-O-O Qe7 10. Kb1 Bb7 11. a3 Nbd7 12. Nge2 O-O-O 13. d5 c6 14. dxc6 Bxc6 15. Nc1 Nc5 16. Qe3 Kb8 17. b4 Ne6 18. Nb3 Qa7 19. Qxa7+ Kxa7 20. Kb2 d5 21. exd5 Nxd5 22. Nxd5 Bxd5 23. Na5 Ba8 24. Bd3 Nf4 25. Rhg1 Nxd3+ 26. Rxd3 Rxd3 27. cxd3 Rd8 28. Kc3 f6 29. Nb3 Bd5 30. Nc5 Kb6 31. Rd1 a5 32. d4 axb4+ 33. axb4 Bc4 34. Rd2 Kc6 35. dxe5 Rxd2 36. Kxd2 fxe5 37. g3 Kd5 38. Kc3 Be2 39. Ne4 Bxf3 40. Nf6+ Ke6 41. Nxh7 Kf5 42. Kd2 g5 43. h4 gxh4 44. gxh4 Bd5 45. Ke3 Bg8 46. Ng5 Bd5 47. Nf3 Bb7 48. h5 Bd5 49. h6 Bg8 50. Nd2 Bh7 51. Nf3 Bg6 52. Ne1 Bh7 53. Nc2 Kg5 54. Na3 Kxh6 55. Nxb5 Kg5 56. Nd6 Kf6 57. b5 Ke6 58. Ne4 Bxe4 59. Kxe4 Kd6 60. b6 Kc6 61. Kxe5 Kb7 62. Kd4 Kxb6 1/2-1/2


[Site "https://www.chess.com"]

[Event "Titled Tuesday Blitz October 5 2021"]
[White "Melian, Juan Sebastian"]
[Black "Begmuratov, Khumoyun"]
[WhiteFideId "3706575"]
[BlackFideId "14210207"]
[WhiteElo "1672"]
[BlackElo "1948"]
[Result "0-1"]
[Round "04"]
[TimeControl "180+1"]
[Date "2021.10.05"]
[WhiteClock "0:00:15"]
[BlackClock "0:00:54"]

1. e4 e5 2. Nf3 Nc6 3. d4 exd4 4. Nxd4 Nf6 5. Nc3 Bc5 6. Be3 Bb6 7. Be2 O-O 8. Qd2 d5 9. exd5 Nxd5 10. Nxd5 Qxd5 11. Bf3 Qe5 12. Nxc6 bxc6 13. O-O Bb7 14. Rfe1 Qxb2 15. Bxb6 axb6 16. Qd7 Rac8 17. Be4 Rfd8 18. Qh3 g6 19. Qf3 Rd6 20. h4 Qf6 21. Qg4 h5 22. Qg3 Rcd8 23. Bf3 Kg7 24. Bxh5 Rh8 25. Bf3 Rxh4 26. Qxh4 Qxh4 0-1


[Site "https://www.chess.com"]

[Event "Titled Tuesday Blitz October 5 2021"]
[White "Mikhalevski, Victor"]
[Black "Garv Gaur"]
[WhiteFideId "2801914"]
[BlackFideId "45030839"]
[WhiteElo "2577"]
[BlackElo "1950"]
[Result "1-0"]
[Round "04"]
[TimeControl "180+1"]
[Date "2021.10.05"]
[WhiteClock "0:00:25"]
[BlackClock "0:00:06"]

1. Nf3 d5 2. g3 Nf6 3. Bg2 c5 4. O-O Nc6 5. c4 e6 6. b3 Be7 7. e3 O-O 8. Re1 b6 9. Nc3 Bb7 10. cxd5 exd5 11. d4 Ne4 12. Bb2 cxd4 13. exd4 Bb4 14. Re3 Bxc3 15. Bxc3 Ne7 16. Bb4 Nf5 17. Re2 Re8 18. Rc1 Rc8 19. Rxc8 Qxc8 20. Rc2 Qd8 21. Qc1 Qf6 22. Qb2 a5 23. Ba3 g5 24. Rc7 Bc8 25. h3 Nfxg3 26. fxg3 Nxg3 27. Qf2 Ne2+ 28. Kh1 Qf4 29. Rxc8 Rxc8 30. Qxe2 b5 31. Bc5 a4 32. Qxb5 Qc1+ 33. Qf1 Qe3 34. bxa4 Rb8 35. a5 Rb2 36. a6 Rf2 37. Qd1 Rxa2 38. a7 Qf2 39. Qg1 Qb2 40. Nxg5 Ra1 41. Bxd5 Rxg1+ 42. Kxg1 Qc1+ 43. Kf2 Qd2+ 44. Kf3 Qd3+ 45. Kf4 Qd2+ 46. Kf5 Qc2+ 47. Ne4 Qa4 48. a8=Q+ Qxa8 49. Bxa8 Kg7 50. d5 h5 51. d6 h4 52. d7 f6 53. d8=Q Kh7 54. Qe7+ Kh8 55. Kg6 f5 56. Qg7# 1-0


[Site "https://www.chess.com"]

[Event "Titled Tuesday Blitz October 5 2021"]
[White "Moroni, Luca Jr"]
[Black "Abdusattorov, Nodirbek"]
[WhiteFideId "865834"]
[BlackFideId "14204118"]
[WhiteElo "2491"]
[BlackElo "2690"]
[Result "1/2-1/2"]
[Round "04"]
[TimeControl "180+1"]
[Date "2021.10.05"]
[WhiteClock "0:00:56"]
[BlackClock "0:01:20"]

1. d4 Nf6 2. c4 c5 3. Nf3 e6 4. Nc3 d5 5. cxd5 exd5 6. g3 Nc6 7. Bg2 cxd4 8. Nxd4 Bc5 9. Nb3 Bb6 10. O-O d4 11. Na4 O-O 12. Bg5 Re8 13. Nxb6 axb6 14. e3 d3 15. Bxf6 gxf6 16. a3 Bf5 17. Rc1 Qd6 18. Nd2 Rad8 19. Qf3 Bg6 20. Qf4 Qe5 21. Qxe5 fxe5 22. Bxc6 bxc6 23. Rxc6 e4 24. Rfc1 b5 25. f3 exf3 26. Kf2 Re5 27. Rc8 Rxc8 28. Rxc8+ Kg7 29. Rc3 Re6 30. Kxf3 Rf6+ 31. Kg2 Re6 32. Kf2 Rf6+ 33. Kg2 Re6 34. Kf2 Rf6+ 35. Kg2 1/2-1/2


[Site "https://www.chess.com"]

[Event "Titled Tuesday Blitz October 5 2021"]
[White "Mortazavi, Ali"]
[Black "Pichot, Alan"]
[WhiteFideId "401323"]
[BlackFideId "110973"]
[WhiteElo "2339"]
[BlackElo "2600"]
[Result "0-1"]
[Round "04"]
[TimeControl "180+1"]
[Date "2021.10.05"]
[WhiteClock "0:00:05"]
[BlackClock "0:00:30"]

1. e4 e5 2. Bc4 Nc6 3. d3 Nf6 4. Nf3 Bc5 5. c3 d6 6. Bb3 Bb6 7. Nbd2 Ne7 8. h3 Ng6 9. Nf1 h6 10. Ng3 O-O 11. O-O Be6 12. Re1 Qd7 13. Be3 Bxh3 14. Bxb6 axb6 15. gxh3 Nf4 16. Nf5 g6 17. N3h4 gxf5 18. Nxf5 Kh7 19. Qf3 Rg8+ 20. Kh1 Rg6 21. Rg1 Rag8 22. Rxg6 Rxg6 23. Rg1 d5 24. Kh2 b5 25. Rg3 c5 26. Nh4 Rxg3 27. fxg3 Qxh3+ 28. Kg1 Ng4 29. gxf4 Qh2+ 30. Kf1 Qxh4 31. exd5 Nh2+ 0-1


[Site "https://www.chess.com"]

[Event "Titled Tuesday Blitz October 5 2021"]
[White "Moskalenko, Alexander"]
[Black "Stoyanov, Tsvetan"]
[WhiteFideId "4155351"]
[BlackFideId "2917173"]
[WhiteElo "2515"]
[BlackElo "2191"]
[Result "1-0"]
[Round "04"]
[TimeControl "180+1"]
[Date "2021.10.05"]
[WhiteClock "0:01:21"]
[BlackClock "0:00:02"]

1. d4 Nf6 2. c4 e6 3. Nc3 d5 4. cxd5 exd5 5. Nf3 c6 6. Bf4 Bd6 7. Bxd6 Qxd6 8. Rc1 O-O 9. e3 Bf5 10. Be2 Nbd7 11. Qb3 b5 12. O-O a5 13. a4 b4 14. Nb1 c5 15. dxc5 Nxc5 16. Qd1 Bxb1 17. Rxb1 Rfc8 18. Rc1 Ne6 19. Qd3 h6 20. Rfd1 Rc5 21. Nd4 Rac8 22. Rxc5 Qxc5 23. Nb3 Qc2 24. Rd2 Qxd3 25. Bxd3 Nd7 26. Rc2 Ra8 27. Bb5 Ne5 28. h3 g5 29. Nd4 Kg7 30. Nf5+ Kf6 31. Nxh6 Rh8 32. Ng4+ Nxg4 33. hxg4 Ke5 34. Bd7 Rd8 35. Bxe6 fxe6 36. Rc5 Ke4 37. Rxa5 Kd3 38. Rc5 e5 39. a5 d4 40. Rxe5 Kc2 41. exd4 Kxb2 42. a6 Rxd4 43. a7 Rd1+ 44. Kh2 Ra1 45. Re2+ Kc3 46. Re3+ Kc2 47. Re7 b3 48. Rc7+ Kb1 49. f4 gxf4 50. g5 b2 51. g6 Ra6 52. g7 Ka1 53. Rb7 Rxa7 54. Rxa7+ 1-0


[Site "https://www.chess.com"]

[Event "Titled Tuesday Blitz October 5 2021"]
[White "Muradov, Soltan"]
[Black "Noboa Silva, Kevin"]
[WhiteFideId "14002108"]
[BlackFideId "3618471"]
[WhiteElo "1854"]
[BlackElo "2161"]
[Result "0-1"]
[Round "04"]
[TimeControl "180+1"]
[Date "2021.10.05"]
[WhiteClock "0:00:08"]
[BlackClock "0:00:42"]

1. d4 Nf6 2. Nf3 e6 3. Bf4 b6 4. e3 Bb7 5. Nbd2 Be7 6. h3 d6 7. Bd3 c5 8. c3 cxd4 9. exd4 a6 10. O-O O-O 11. a4 Nc6 12. Re1 Re8 13. Rc1 Qc7 14. b4 Rac8 15. b5 axb5 16. axb5 Na5 17. Bg3 Qd8 18. Qe2 Bf8 19. c4 d5 20. Ne5 dxc4 21. Ndxc4 Nxc4 22. Bxc4 Qxd4 23. Red1 Qe4 24. f3 Bc5+ 25. Kh2 Qxe2 26. Bxe2 Bd5 27. Nd3 Be3 28. Rxc8 Rxc8 29. Nb4 h6 30. Be5 Bc5 31. Na6 Nd7 32. Bg3 Bf8 33. Nc7 Nf6 34. f4 Rxc7 0-1


[Site "https://www.chess.com"]

[Event "Titled Tuesday Blitz October 5 2021"]
[White "Nenezic, Marko"]
[Black "Gallo Garcia, Kemel Antonio"]
[WhiteFideId "912123"]
[BlackFideId "3523896"]
[WhiteElo "2484"]
[BlackElo "2515"]
[Result "1-0"]
[Round "04"]
[TimeControl "180+1"]
[Date "2021.10.05"]
[WhiteClock "0:00:03"]
[BlackClock "0:00:01"]

1. Nf3 Nf6 2. c4 c5 3. Nc3 Nc6 4. d4 cxd4 5. Nxd4 g6 6. e4 Bg7 7. Be3 O-O 8. Be2 d6 9. O-O Bd7 10. Nc2 Qa5 11. f3 Rfc8 12. Qd2 a6 13. Rab1 Rab8 14. Rfc1 b5 15. b4 Qd8 16. cxb5 axb5 17. Nxb5 Ne5 18. Ncd4 Rxc1+ 19. Rxc1 Ne8 20. a4 Ra8 21. a5 Rc8 22. Na7 Rxc1+ 23. Qxc1 Qb8 24. Nac6 Bxc6 25. Nxc6 Nxc6 26. Qxc6 Kf8 27. b5 d5 28. Qxd5 Qc7 29. Qc6 Qxa5 30. Bf1 Qb4 31. Qc5 Qb3 32. e5 f6 33. exf6 Bxf6 34. b6 Nd6 35. Bf2 Qb2 36. Qd5 Kg7 37. g4 h6 38. h4 g5 39. h5 Kf8 40. Bc4 Qc1+ 41. Bf1 Qb2 42. Kg2 Qc1 43. Bd3 Qf4 44. Bh7 Nf7 45. b7 Kg7 46. Bg6 Nh8 47. Bf5 Be5 48. Kf1 Qc1+ 49. Kg2 Qf4 50. Qe6 Qh2+ 51. Kf1 Bf6 52. Qc8 Be5 53. Qe8 Bd6 54. b8=Q Bxb8 55. Qxe7+ Nf7 56. Bd4+ Be5 57. Bg6 Qh1+ 58. Ke2 Qg2+ 59. Bf2 1-0


[Site "https://www.chess.com"]

[Event "Titled Tuesday Blitz October 5 2021"]
[White "Nesterov, Arseniy"]
[Black "Rustemov, Alexander"]
[WhiteFideId "24198455"]
[BlackFideId "4119002"]
[WhiteElo "2494"]
[BlackElo "2798"]
[Result "1-0"]
[Round "04"]
[TimeControl "180+1"]
[Date "2021.10.05"]
[WhiteClock "0:00:06"]
[BlackClock "0:00:30"]

1. d4 d5 2. c4 e6 3. Nf3 Nf6 4. Nc3 Be7 5. Bg5 O-O 6. e3 h6 7. Bh4 b6 8. Be2 Bb7 9. Bxf6 Bxf6 10. cxd5 exd5 11. b4 c6 12. O-O Re8 13. Qb3 a5 14. b5 c5 15. Rad1 Nd7 16. Nxd5 cxd4 17. Nxf6+ Qxf6 18. Rxd4 Nc5 19. Qa3 Rad8 20. Rfd1 Bxf3 21. gxf3 Rxd4 22. Rxd4 Rd8 23. Rxd8+ Qxd8 24. Qc3 Qg5+ 25. Kh1 Qd5 26. a3 g5 27. Kg1 Qd6 28. h3 Kf8 29. Kg2 Ke7 30. Bc4 Qf6 31. Qd2 h5 32. Qd5 h4 33. Qa8 Qd6 34. Qa7+ Nd7 35. a4 Kf6 36. Qb7 Nc5 37. Qxf7+ Ke5 38. f4+ Ke4 39. Qh7+ 1-0


[Site "https://www.chess.com"]

[Event "Titled Tuesday Blitz October 5 2021"]
[White "Nguyen Hong Nhung"]
[Black "Karttunen, Mika"]
[WhiteFideId "12412201"]
[BlackFideId "502081"]
[WhiteElo "1661"]
[BlackElo "2343"]
[Result "0-1"]
[Round "04"]
[TimeControl "180+1"]
[Date "2021.10.05"]
[WhiteClock "0:00:02"]
[BlackClock "0:00:04"]

1. e4 e5 2. Nf3 Nc6 3. d4 exd4 4. Nxd4 Nf6 5. Nxc6 bxc6 6. e5 Qe7 7. Qe2 Nd5 8. f4 f5 9. b3 Qb4+ 10. Bd2 Nxf4 11. Qf3 Qd4 12. Bc3 Qe4+ 13. Qxe4 fxe4 14. Nd2 e3 15. Nc4 Nd5 16. Bd4 Bb4+ 17. Ke2 Ba6 18. Bxe3 O-O 19. a3 Bc3 20. Rd1 Bxe5 21. Kd2 Nxe3 22. Kxe3 Bf4+ 23. Kd4 d6 24. Be2 Bg5 25. Bf3 Bf6+ 26. Ke3 Rae8+ 27. Kd2 Bg5+ 28. Kc3 Bf6+ 29. Kd2 d5 30. Na5 Bg5+ 31. Kc3 Bf6+ 32. Kd2 Re6 33. c4 Rd8 34. cxd5 cxd5 35. Kc2 d4 36. Nc6 d3+ 37. Kb1 Rdd6 38. Nb4 Bb5 39. Bd5 Rxd5 40. Nxd5 Rc6 41. a4 Ba6 42. Nb4 Rb6 43. Nxa6 Rxb3+ 44. Ka2 Rb2+ 45. Ka3 Rb6 46. Nb4 Be7 47. Rxd3 Bxb4+ 48. Ka2 Bd6 49. h3 Rb4 50. Re1 Rxa4+ 51. Kb3 Rb4+ 52. Kc2 Rb8 53. Rb3 Ra8 54. Ra1 a5 55. Ra4 Ra6 0-1


[Site "https://www.chess.com"]

[Event "Titled Tuesday Blitz October 5 2021"]
[White "Nilsen, Tobias Lang"]
[Black "Potapova, Margarita"]
[WhiteFideId "1521624"]
[BlackFideId "14126869"]
[WhiteElo "1975"]
[BlackElo "2214"]
[Result "1-0"]
[Round "04"]
[TimeControl "180+1"]
[Date "2021.10.05"]
[WhiteClock "0:00:29"]
[BlackClock "0:00:01"]

1. e4 c5 2. Nf3 d6 3. d4 cxd4 4. Qxd4 Nc6 5. Bb5 Bd7 6. Bxc6 Bxc6 7. Nc3 Nf6 8. Bg5 e6 9. O-O-O Be7 10. Qd3 Qa5 11. h4 h6 12. Bxf6 Bxf6 13. Nd4 O-O-O 14. f4 Kb8 15. g4 Be7 16. f5 Bd7 17. Kb1 Rc8 18. Nb3 Qe5 19. fxe6 fxe6 20. Qd4 Qxd4 21. Nxd4 a6 22. Rdf1 Rhf8 23. Kc1 Bf6 24. Nde2 Be5 25. Kd2 b5 26. a3 Kb7 27. Ke3 a5 28. Nd4 Kb6 29. g5 hxg5 30. hxg5 b4 31. axb4 axb4 32. Nce2 Ra8 33. Rxf8 Rxf8 34. Rh7 Rf1 35. b3 Re1 36. Kd2 Rf1 37. Ke3 Kc5 38. Rh8 Kb6 39. Rb8+ Kc7 40. Rxb4 Rh1 41. Rc4+ Kd8 42. Nf3 Bb2 43. Rb4 Rh3 44. Kf2 Bc6 45. Kg2 Rh8 46. c3 Kc7 47. Rc4 Kd7 48. Kg3 Rf8 49. b4 Bb7 50. b5 Ba3 51. Ra4 Bc5 52. Nf4 Re8 53. Nd3 1-0


[Site "https://www.chess.com"]

[Event "Titled Tuesday Blitz October 5 2021"]
[White "Novik, Maxim"]
[Black "Silva, Kevin Ranidu"]
[WhiteFideId "4102924"]
[BlackFideId "9935258"]
[WhiteElo "2316"]
[BlackElo "1626"]
[Result "1-0"]
[Round "04"]
[TimeControl "180+1"]
[Date "2021.10.05"]
[WhiteClock "0:02:19"]
[BlackClock "0:01:35"]

1. d4 Nf6 2. c4 e6 3. Nc3 d5 4. cxd5 exd5 5. Bg5 Be7 6. e3 c6 7. Bd3 Nbd7 8. Nge2 Nh5 9. Bxe7 Qxe7 10. Qc2 Nhf6 11. O-O-O Nb6 12. Kb1 Be6 13. h3 O-O-O 14. Rc1 Kb8 15. Na4 Nfd7 16. Nc5 Nxc5 17. dxc5 Nd7 18. Nd4 Ne5 19. Be2 Bc8 20. Ka1 g6 21. Qa4 f5 22. Rc3 Rd7 23. Rhc1 a6 24. f4 Nf7 25. Bxa6 Nd8 26. Be2 g5 27. Ra3 Ne6 28. Qa7+ Kc7 29. Qb6+ Kb8 30. Nxc6# 1-0


[Site "https://www.chess.com"]

[Event "Titled Tuesday Blitz October 5 2021"]
[White "Nozdrachev, Leonid"]
[Black "Gombocz, Ferenc Jr."]
[WhiteFideId "24113433"]
[BlackFideId "775029"]
[WhiteElo "2124"]
[BlackElo "1913"]
[Result "1-0"]
[Round "04"]
[TimeControl "180+1"]
[Date "2021.10.05"]
[WhiteClock "0:01:36"]
[BlackClock "0:00:07"]

1. e4 e5 2. Nf3 Nc6 3. Bc4 Nf6 4. d3 Be7 5. Nc3 O-O 6. a4 d6 7. a5 Bg4 8. a6 bxa6 9. Rxa6 Nd4 10. Be3 Bxf3 11. gxf3 Qc8 12. f4 Qh3 13. fxe5 Nf3+ 14. Ke2 dxe5 15. Qf1 Qh5 16. Kd1 Ng4 17. Kc1 Nxe3 18. fxe3 Bg5 19. Nd5 Nd4 20. Kb1 Ne6 21. Rg1 Rfc8 22. h4 Bxh4 23. Qh3 Qh6 24. Ne7+ Bxe7 25. Qxh6 Bg5 26. Rxg5 Nxg5 27. Qxg5 Rf8 28. Rc6 h6 29. Qxe5 Rac8 30. Rxc7 Rxc7 31. Qxc7 h5 32. e5 h4 33. Qd7 g6 34. Qg4 Kg7 35. Qxh4 Rh8 36. Qf6+ 1-0


[Site "https://www.chess.com"]

[Event "Titled Tuesday Blitz October 5 2021"]
[White "Oparin, Grigoriy"]
[Black "Nagy, Gabor"]
[WhiteFideId "24125890"]
[BlackFideId "737119"]
[WhiteElo "2604"]
[BlackElo "2534"]
[Result "1-0"]
[Round "04"]
[TimeControl "180+1"]
[Date "2021.10.05"]
[WhiteClock "0:00:03"]
[BlackClock "0:00:09"]

1. c4 e5 2. Nc3 Nc6 3. Nf3 Nf6 4. e3 Bb4 5. Qb3 a5 6. a3 Bxc3 7. Qxc3 Qe7 8. d4 exd4 9. Nxd4 O-O 10. b3 Nxd4 11. Qxd4 c5 12. Qf4 d5 13. Bb2 d4 14. O-O-O Qe4 15. Bd3 Qxf4 16. exf4 b6 17. Rhe1 Bb7 18. f3 Rfe8 19. Kc2 Nh5 20. Bc1 g6 21. f5 Bc6 22. Bh6 a4 23. b4 cxb4 24. axb4 a3 25. Rxe8+ Bxe8 26. b5 Bd7 27. g4 Ng7 28. Be4 Rc8 29. Kb3 gxf5 30. gxf5 Bxf5 31. Bxg7 Bxe4 32. Bxd4 Bxf3 33. Rg1+ Kf8 34. Bxb6 Be2 35. Kxa3 Bxc4 36. Kb4 Be6 37. Bc5+ Ke8 38. b6 Kd7 39. Kb5 Rb8 40. Rd1+ Kc8 41. Kc6 Rb7 42. Ra1 Bd7+ 43. Kd6 Bg4 44. Ra8+ Rb8 45. Ra3 h5 46. h3 Be6 47. Ra7 Rb7 48. Ra8+ Rb8 49. Ra3 h4 50. Ra4 Rb7 51. Rxh4 Rd7+ 52. Kc6 Bd5+ 53. Kb5 Kb7 54. Rh8 Bc6+ 55. Kb4 Rd1 56. h4 Rb1+ 57. Kc4 Rc1+ 58. Kd4 Rd1+ 59. Ke3 Re1+ 60. Kf2 Re5 61. Be3 Rf5+ 62. Ke1 Rf3 63. Kd2 f5 64. h5 f4 65. Bc5 Rh3 66. h6 Rh2+ 67. Kc3 f3 68. Rh7+ Ka6 69. Bd4 f2 70. Kb4 Bb7 71. Rf7 Rxh6 72. Rxf2 Bc6 73. Ra2+ Kb7 74. Ra7+ Kb8 75. Be5+ Kc8 76. Rc7+ Kd8 77. Kc5 Bf3 78. b7 Bxb7 79. Rxb7 Re6 80. Bd6 Re2 81. Kc6 Rc2+ 82. Bc5 Ke8 83. Re7+ Kd8 84. Re5 Rc1 85. Re2 Rc3 86. Kd5 Kc8 87. Kd6 Rd3+ 88. Kc6 Rd7 89. Re8+ Rd8 90. Re7 Rd2 91. Rf7 Rd1 92. Ra7 Kb8 93. Rh7 Rc1 94. Rh8# 1-0


[Site "https://www.chess.com"]

[Event "Titled Tuesday Blitz October 5 2021"]
[White "Pastar, Slaven"]
[Black "Gorin, Leonid"]
[WhiteFideId "14402718"]
[BlackFideId "4131991"]
[WhiteElo "2198"]
[BlackElo "2363"]
[Result "0-1"]
[Round "04"]
[TimeControl "180+1"]
[Date "2021.10.05"]
[WhiteClock "0:00:05"]
[BlackClock "0:01:24"]

1. b3 e5 2. Bb2 Nc6 3. Nf3 e4 4. Nd4 Nxd4 5. Bxd4 Nf6 6. e3 Bd6 7. c4 Qe7 8. Qc2 Be5 9. Qc3 d6 10. Be2 Bg4 11. Bxe5 Qxe5 12. Qxe5+ dxe5 13. Nc3 Bf5 14. g4 Nxg4 15. f3 Nf6 16. Rf1 Bg6 17. f4 exf4 18. exf4 Bf5 19. Nb5 Kd7 20. Nd4 g6 21. Nxf5 gxf5 22. Kf2 Rhg8 23. Rg1 Ng4+ 24. Bxg4 fxg4 25. f5 Kd6 26. Ke3 Ke5 27. Raf1 Rad8 28. f6 Rd3+ 29. Ke2 Rf3 30. Rxf3 gxf3+ 31. Kf2 Rxg1 32. Kxg1 Kxf6 33. Kf2 Ke5 0-1


[Site "https://www.chess.com"]

[Event "Titled Tuesday Blitz October 5 2021"]
[White "Pires, Marcos Vinicius Torsani"]
[Black "Taboas Rodriguez, Daniel"]
[WhiteFideId "2118939"]
[BlackFideId "2208466"]
[WhiteElo "2273"]
[BlackElo "2429"]
[Result "1/2-1/2"]
[Round "04"]
[TimeControl "180+1"]
[Date "2021.10.05"]
[WhiteClock "0:00:08"]
[BlackClock "0:00:37"]

1. e4 d5 2. exd5 Nf6 3. d4 Bg4 4. Be2 Bxe2 5. Qxe2 Nxd5 6. Nf3 c6 7. O-O e6 8. c4 Nf6 9. Nc3 Be7 10. Bf4 O-O 11. Rad1 Nbd7 12. Rfe1 Re8 13. h3 Bb4 14. Qc2 Qa5 15. Re3 Nb6 16. a3 Bxc3 17. Rxc3 Rad8 18. b4 Qf5 19. Qxf5 exf5 20. Bc7 Rd7 21. Bxb6 axb6 22. Rcd3 Ne4 23. Ne5 Rdd8 24. f3 Nd6 25. c5 Nc8 26. Nc4 b5 27. Na5 Ne7 28. Nxb7 Ra8 29. Na5 Rac8 30. Re3 Kf8 31. Rde1 f4 32. Re4 g5 33. h4 h6 34. Re5 Nf5 35. Rxe8+ Rxe8 36. Rxe8+ Kxe8 37. hxg5 hxg5 38. Nxc6 Kd7 39. Ne5+ Ke6 40. Nc6 Kd5 41. Na7 Nxd4 42. Kf2 f5 43. Nc8 g4 44. Nd6 Ke5 45. Nf7+ Kf6 46. Nd6 Ke5 47. Nf7+ Kf6 48. Nd8 Ke5 49. Nb7 Kd5 50. Nd6 Ke5 1/2-1/2


[Site "https://www.chess.com"]

[Event "Titled Tuesday Blitz October 5 2021"]
[White "Riazantsev, Alexander"]
[Black "Hjartarson, Johann"]
[WhiteFideId "4125029"]
[BlackFideId "2300044"]
[WhiteElo "2497"]
[BlackElo "2502"]
[Result "1-0"]
[Round "04"]
[TimeControl "180+1"]
[Date "2021.10.05"]
[WhiteClock "0:01:57"]
[BlackClock "0:01:59"]

1. d4 Nf6 2. c4 d6 3. Nf3 Nbd7 4. Nc3 e5 5. Bg5 Be7 6. e3 O-O 7. Be2 h6 8. Bh4 c6 9. O-O a6 10. b4 b5 11. c5 e4 12. cxd6 Bxd6 13. Nxe4 Bxb4 14. Nxf6+ Nxf6 15. Ne5 Bb7 16. Bf3 Be7 17. Bxc6 Qb8 18. Qf3 Ra7 19. Bxf6 Bxf6 20. Nd7 Qd6 21. Nxf6+ 1-0


[Site "https://www.chess.com"]

[Event "Titled Tuesday Blitz October 5 2021"]
[White "Roman, Rodrigo"]
[Black "Shkapenko, Pavel"]
[WhiteFideId "3701220"]
[BlackFideId "4151933"]
[WhiteElo "2036"]
[BlackElo "2386"]
[Result "1/2-1/2"]
[Round "04"]
[TimeControl "180+1"]
[Date "2021.10.05"]
[WhiteClock "0:01:25"]
[BlackClock "0:01:08"]

1. d4 Nf6 2. Nf3 e6 3. c4 Bb4+ 4. Nc3 c5 5. e3 cxd4 6. exd4 d5 7. cxd5 exd5 8. Bd3 O-O 9. O-O Bg4 10. h3 Bh5 11. Bg5 Bxc3 12. bxc3 Nbd7 13. Re1 Qa5 14. Qb3 Bxf3 15. gxf3 Rac8 16. Qxb7 Qxc3 17. Red1 Rc7 18. Qa6 Qb4 19. Rab1 Qe7 20. Bf4 Rc3 21. Bd6 Qe6 22. Bxf8 Qxa6 23. Bxa6 Nxf8 24. Rb7 Ra3 25. Rxa7 Rxa2 26. Rc1 g6 27. Rcc7 N8d7 28. Bb5 Rxa7 29. Rxa7 Nf8 30. Bc6 Ne6 31. Ra4 1/2-1/2


[Site "https://www.chess.com"]

[Event "Titled Tuesday Blitz October 5 2021"]
[White "Royal, Shreyas"]
[Black "Papasimakopoulos, Alexandros"]
[WhiteFideId "448869"]
[BlackFideId "4244125"]
[WhiteElo "1931"]
[BlackElo "2352"]
[Result "1-0"]
[Round "04"]
[TimeControl "180+1"]
[Date "2021.10.05"]
[WhiteClock "0:00:51"]
[BlackClock "0:00:37"]

1. d4 e6 2. c4 Nf6 3. Nf3 Bb4+ 4. Bd2 Qe7 5. g3 Nc6 6. Nc3 b6 7. Bg2 Na5 8. b3 Bb7 9. O-O O-O 10. a3 Bxa3 11. Nb5 Bb4 12. Nxc7 Rac8 13. Nb5 Bxf3 14. Bxb4 Qxb4 15. Bxf3 a6 16. Ra4 Qe7 17. Nc3 d5 18. c5 Qc7 19. b4 Nc6 20. Rxa6 bxc5 21. bxc5 e5 22. Nb5 Qb7 23. Rb6 Qe7 24. Nd6 Rc7 25. e3 exd4 26. exd4 Ne4 27. Re1 f5 28. Qb3 Qe6 29. Bxe4 fxe4 30. Rxe4 Qd7 31. Qxd5+ Kh8 32. Nf7+ Qxf7 33. Qxf7 Rcxf7 34. Rxc6 Rxf2 35. Rf4 R2xf4 36. gxf4 Kg8 37. Rd6 Kf7 38. c6 Ke8 39. c7 Ke7 40. Rd8 Rxd8 41. cxd8=Q+ Kxd8 42. Kf2 Ke7 43. Ke3 Kd6 44. Ke4 g6 45. d5 h6 46. h4 Kd7 47. Ke5 Ke7 48. d6+ Kf7 49. d7 Ke7 50. d8=Q+ Kxd8 51. Kf6 g5 52. fxg5 hxg5 53. hxg5 1-0


[Site "https://www.chess.com"]